 Dungeon Crawl Stone Soup version 0.19.1-1-g22dce08 (webtiles) character file.

181 M4edhros the Sneak (level 5, -2/33 HPs)
             Began as an Octopode Artificer on Dec 31, 2016.
             Slain by Prince Ribbit (20 damage)
             ... on level 5 of the Dungeon.
             The game lasted 00:01:30 (1704 turns).

M4edhros the Sneak (Octopode Artificer)             Turns: 1704, Time: 00:01:31

Health: -2/33      AC:  1    Str: 11    XL:     5   Next: 61%
Magic:  7/7        EV: 13    Int: 13    God:
Gold:   86         SH:  0    Dex: 14    Spells: 0 memorised, 4 levels left

rFire  . . .     SeeInvis .     a - +0 short sword
rCold  . . .     Gourm    .     (no shield)
rNeg   . . .     Faith    .     (helmet restricted)
rPois  .         Spirit   .     (no amulet)
rElec  .         Reflect  .     (no ring)
rCorr  .         Harm     .     (no ring)
MR     .....                    (no ring)
Stlth  +++++.....               (no ring)
                                (no ring)
                                (no ring)
                                (no ring)
                                (no ring)

@: no status effects
A: almost no armour, stealthy swim, amphibious, 8 rings, constrict 8, camouflage
1, gelatinous body 1
a: no special abilities


You were on level 5 of the Dungeon.
You were not hungry.

You visited 1 branch of the dungeon, and saw 5 of its levels.

You collected 86 gold pieces.

Inventory:

Hand Weapons
 a - a +0 short sword (weapon)
Wands
 b - a wand of flame (14/48)
 c - a wand of enslavement (14/24)
 d - a wand of random effects (14/48)
Scrolls
 g - a scroll of blinking {unknown}
 h - 4 scrolls of identify {unknown}
 i - a scroll of immolation {unknown}
 l - a scroll of teleportation {unknown}
 m - 2 scrolls of enchant armour {unknown}
 r - a scroll of random uselessness {unknown}
Potions
 e - a potion of ambrosia {unknown}
 k - a potion of flight {unknown}
 n - 2 potions of brilliance {unknown}
 o - 3 potions of haste {unknown}
 p - 2 potions of degeneration {unknown}
 q - 2 potions of curing {unknown}
 t - a potion of heal wounds {unknown}
Comestibles
 f - 2 bread rations
 j - 2 beef jerkies
 s - 2 chunks of flesh


   Skills:
 - Level 1.0 Fighting
 - Level 1.0 Short Blades
 - Level 2.0 Dodging
 + Level 7.7 Stealth
 - Level 3.2 Evocations


You had 4 spell levels left.
You didn't know any spells.

Dungeon Overview and Level Annotations

Branches:
Dungeon (5/15)
 Temple: D:4-7

Altars:
Okawaru

Shops:
D:4 =

Annotations:
D:5 Prince Ribbit


Innate Abilities, Weirdness & Mutations

You cannot wear most types of armour.
You are very stealthy in the water. (Stealth+)
You are amphibious.
You can wear up to eight rings at the same time.
You can use your tentacles to constrict eight enemies at once.
Your skin changes colour to match your surroundings (Stealth+).
Your rubbery body absorbs attacks. (AC +1, EV +1)


Message History

The iguana bites your orc wizard!
Your orc wizard dies!
Prince Ribbit barely misses you.
Prince Ribbit hits the iguana but does no damage.
Found 17 gold pieces.
Evoke which item? (* to show all) (? for menu, Esc to quit)
Zapping:
b - a wand of flame (15/48)
Press: ? - help, Shift-Dir - straight line, f/p - Prince Ribbit
Aim: Prince Ribbit (confused)
The puff of flame hits the iguana.
You kill the iguana!
This wand has 14 charges left.
You closely miss Prince Ribbit. You grab Prince Ribbit.
You constrict Prince Ribbit.
Prince Ribbit struggles to escape constriction.
You hit Prince Ribbit.
Prince Ribbit is lightly wounded.
You constrict Prince Ribbit. Prince Ribbit hits you!!
Ouch! That really hurt!
You die...

##.## ..!# #
#..####
#.#####.....#####
#..<...).##?.....
########..)......
#....).##.##..
#.###..#...#..#
#..@......#
#..F._.)..#
#..........
#..#...#...
##.##.## #. #..
... #.. ....
###.$.#.


You could see Prince Ribbit (confused).

Vanquished Creatures
  A howler monkey (D:4)
  An orc wizard (D:5)
  2 worker ants (D:4)
  An iguana (D:5)
  3 adders
  An ooze (D:1)
  A worm (D:2)
  2 orcs (D:5)
  2 giant cockroaches (D:4)
  3 goblins
  5 hobgoblins
  A quokka (D:4)
  2 frilled lizards (D:4)
  2 rats
27 creatures vanquished.

Vanquished Creatures (collateral kills)
  An orc (D:5)
1 creature vanquished.

Vanquished Creatures (others)
  An orc wizard (D:5)
1 creature vanquished.

Grand Total: 29 creatures vanquished

Notes
Turn   | Place    | Note
-------+----------+-------------------------------------------
     0 | D:1      | M4edhros the Octopode Artificer began the quest for the Orb.
     0 | D:1      | Reached XP level 1. HP: 13/13 MP: 3/3
    65 | D:1      | Reached skill level 2 in Stealth
   115 | D:1      | Reached XP level 2. HP: 16/18 MP: 4/4
   122 | D:2      | Reached skill level 3 in Stealth
   328 | D:2      | Reached skill level 4 in Stealth
   328 | D:2      | Reached XP level 3. HP: 17/23 MP: 5/5
   743 | D:3      | Reached skill level 5 in Stealth
  1013 | D:4      | Reached XP level 4. HP: 28/28 MP: 6/6
  1063 | D:4      | Reached skill level 6 in Stealth
  1097 | D:4      | Reached skill level 7 in Stealth
  1097 | D:4      | Reached XP level 5. HP: 21/33 MP: 7/7
  1427 | D:4      | Found Xelecer's Jewellery Boutique.
  1677 | D:5      | Entered Level 5 of the Dungeon
  1691 | D:5      | Noticed Prince Ribbit
  1695 | D:5      | Found an iron altar of Okawaru.
  1704 | D:5      | Slain by Prince Ribbit

Skill      XL: |  1  2  3  4 |
---------------+-------------+-----
Stealth        | 2 4 5 7 |  7.7
Fighting       | |  1.0
Short Blades   | |  1.0
Dodging        | |  2.0
Evocations     | |  3.2

Action                   |  1- 3 |  4- 6 || total
-------------------------+-------+-------++-------
Melee: Short sword       |    38 |    28 ||    66
       Tentacles         |     6 |     5 ||    11
       Constrict         |     8 |     8 ||    16
Evoke: Wand              |       |     3 ||     3
 Stab: Sleeping          |     2 |       ||     2
  Eat: Chunk             |       |     2 ||     2
Dodge: Dodged            |    14 |    20 ||    34
